 Dungeon Crawl Stone Soup version 0.27.1-34-g3ba077fa99 (webtiles) character file.

Game seed: 12883054930049975052

2830 growler the Zephyrmancer (level 9, -4/45 HPs)
             Began as a Tengu Air Elementalist on Jan 24, 2022.
             Slain by a killer bee (5 damage)
             ... on level 7 of the Dungeon.
             The game lasted 00:22:43 (13768 turns).

growler the Zephyrmancer (Tengu Air Elementalist)  Turns: 13768, Time: 00:22:44

Health: -4/45      AC:  6    Str:  8 (9)  XL:     9   Next: 73%
Magic:  17/19      EV: 14    Int: 16 (19) God:
Gold:   335        SH:  0    Dex: 13 (14) Spells: 10/20 levels left

rFire    . . .     SeeInvis .   (no weapon)
rCold    . . .     Faith    .   (no shield)
rNeg     . . .     Spirit   .   a - +0 robe
rPois    .         Reflect  .   t - +1 hat
rElec    .         Harm     .   v - +2 cloak
rCorr    .         Rampage  .   (no gloves)
Will     .....                  (boots unavailable)
Stlth    ++........             (no amulet)
HPRegen  0.15/turn              (no ring)
MPRegen  0.16/turn              (no ring)

@: lethally poisoned (-4 -> -9), attractive, flying quickly and evasively, very
slightly contaminated, hasted, invisible, very quick
A: beak, talons 3, nimble flight
a: no special abilities


You were on level 7 of the Dungeon.
You visited 2 branches of the dungeon, and saw 9 of its levels.

You collected 792 gold pieces.
You spent 457 gold pieces at shops.

Inventory:

Missiles
 k - a throwing net {!f}
Armour
 a - a +0 robe (worn)
 s - a +0 buckler
   (You found it on level 6 of the Dungeon)
 t - a +1 hat (worn)
   (You bought it in a shop on level 7 of the Dungeon)
 v - a +2 cloak (worn)
   (You bought it in a shop on level 7 of the Dungeon)
Wands
 d - a wand of iceblast (4)
   (You took it off Ijyb on level 5 of the Dungeon)
 u - a wand of paralysis (7)
   (You found it on level 7 of the Dungeon)
Scrolls
 b - 2 scrolls of teleportation {@r4}
 f - a scroll of holy word {unknown}
 g - a scroll of amnesia {unknown}
 h - 2 scrolls of identify {unknown}
 i - 3 scrolls of fear {unknown}
 j - a scroll of torment {unknown}
 n - 2 scrolls of blinking {unknown}
 o - 2 scrolls of vulnerability {unknown}
 r - a scroll of immolation {unknown}
 w - a scroll of enchant armour {unknown}
Potions
 c - a potion of attraction {!q}
 e - a potion of degeneration {!q}
 l - 2 potions of invisibility
 m - a potion of haste {@q3}
 p - a potion of lignification {unknown}
 q - a potion of magic {unknown}


   Skills:
 - Level 2.1 Dodging
 - Level 2.0 Stealth
 + Level 1.9 Shields
 - Level 6.0 Spellcasting
 - Level 9.0 Conjurations
 + Level 12.1 Air Magic


You had 10 spell levels left.
You knew the following spells:

 Your Spells              Type           Power      Damage    Failure   Level
a - Shock                 Conj/Air       100%       1d9       1%          1
b - Airstrike             Air            21%        N/A       1%          4
d - Static Discharge      Conj/Air       38%        N/A       1%          2
s - Swiftness             Air            43%        N/A       1%          3

Your spell library contained the following spells:

 Spells                   Type           Power      Damage    Failure   Level
 Foxfire                  Conj/Fire      76%        2x1d7     2%          1
 Conjure Flame            Conj/Fire      19%        6-21      6%          3
 Ensorcelled Hibernation  Hex/Ice        8%         N/A       21%         2
 Frozen Ramparts          Ice            8%         1d2       38%         3
 Gell's Gravitas          Tloc           2%         N/A       38%         3
 Inner Flame              Hex/Fire       4%         N/A       38%         3
 Spider Form              Tmut/Pois      2%         N/A       38%         3
 Teleport Other           Tloc           4%         N/A       38%         3
 Cause Fear               Hex            2%         N/A       80%         4
 Ice Form                 Ice/Tmut       4%         N/A       80%         4
 Summon Ice Beast         Ice/Summ       4%         N/A       80%         4
 Dispersal                Tloc           2%         N/A       100%        6
 Shadow Creatures         Summ           N/A        N/A       100%        6
 Discord                  Hex            2%         N/A       100%        8


Dungeon Overview and Level Annotations

Branches:
Dungeon (8/15)             Temple (1/1) D:7
   Lair: D:8-11

Altars:
Ashenzari
Dithmenos
Elyvilon
Gozag
Hepliaklqana
Kikubaaqudgha
Nemelex Xobeh
Okawaru
Qazlal
Ru
Trog
Uskayaw
Xom
Yredelemnul
Zin

Shops:
D:3 *   D:4 (   D:7 [*

Annotations:
D:8 Gastronok, Pikel


Innate Abilities, Weirdness & Mutations

You have a beak for a mouth.
You have claws for feet.
Your magical nature lets you fly swiftly and evasively.


Message History

You are poisoned.
The killer bee poisons you!
The centaur shoots an arrow.
The arrow hits you.
* * * LOW HITPOINT WARNING * * *
The killer bee barely misses you. x2
The troll shouts!
There is a stone staircase leading up, spattered with blood here.
You feel sick.
The centaur shoots an arrow.
The arrow closely misses you. The killer bee closely misses you.
The killer bee completely misses you. The killer bee misses you.
The killer bee stings you but does no damage.
You fly upwards.
You feel sick.
There is a stone staircase leading down here.
The killer bee is struck by an arc of lightning.
You are struck by an arc of lightning.
* * * LOW HITPOINT WARNING * * *
The lightning grounds out.
The killer bee is struck by an arc of lightning.
The lightning grounds out.
You feel sick. The killer bee barely misses you. The killer bee misses you.
The killer bee closely misses you. The killer bee stings you.
* * * LOW HITPOINT WARNING * * *
You are lethally poisoned!
The killer bee poisons you!
It was a potion of invisibility.
You fade into invisibility!
* * * LOW HITPOINT WARNING * * *
You feel very sick.
The killer bee stings you but does no damage.
The killer bee barely misses you. x2; The killer bee completely misses you.
You are very lightly contaminated with residual magic.
It was a potion of haste.
You feel yourself speed up.
* * * LOW HITPOINT WARNING * * *
You feel sick. The killer bee barely misses you.
The killer bee stings you but does no damage.
The killer bee misses you. x2
It was a potion of attraction.
You feel attractive to monsters.
* * * LOW HITPOINT WARNING * * *
You feel sick. The killer bee stings you.
* * * LOW HITPOINT WARNING * * *
The killer bee barely misses you. The butterfly is pulled toward you!
It was a potion of degeneration.
There was something very wrong with that liquid.
You feel weakened.
You feel dopey.
You feel clumsy.
e - a potion of degeneration;
g - a scroll labelled ZIUPHIROTS
* * * LOW HITPOINT WARNING * * *
You feel sick.
The killer bee stings you but does no damage.
The killer bee stings you.
You die...

.....>.####.≈.§§≈≈§§§≈≈.≈....###.
......## ##§§.≈...≈.≈_≈.≈..#.# ##
.....## ##.§§[§.≈.≈.≈.≈.≈(##.# #
#...## #...≈.≈_≈b§...≈.§.##.#
##'## #.#§§.≈≈≈.§≈≈≈≈.§....# ##.#
#.#.≈...).≈.§.§.≈..### ##.#
#.#.§≈≈≈≈§≈§≈§≈≈≈^.# ##.##
#.#.§....§.§......[# #...##
#....[..@y##.##.##.# .....#
#####.##y..........# ### #...##
#....>..######.# #..
##.##########.#....## #.####.#
..............###### #...(...
##.############ ######.# #.# #.#
##.### #.. .....# ###


You could see 2 killer bees.

Vanquished Creatures
  A steam dragon (D:5)
  Menkaure (D:7)
  Duvessa (D:7)
  A water moccasin (D:7)
  A sky beast (D:6)
  An ice beast (D:7)
  A black bear (D:6)
  An ogre (D:6)
  2 necrophages (D:5)
  2 centaurs
  3 lemures (D:7)
  A kobold brigand (D:6)
  3 phantoms (D:5)
  A scorpion (D:4)
  A wyvern skeleton (D:7)
  Dowan (D:7)
  A howler monkey (D:6)
  A wight (D:7)
  A bullfrog zombie (D:5)
  2 jellies (D:5)
  4 centaur zombies
  4 hounds
  4 orc priests
  Crazy Yiuf (D:7)
  3 bullfrog skeletons
  3 centaur skeletons
  4 iguanas
  Terence (D:2)
  An orc wizard (D:4)
  Ijyb (D:5)
  2 hound skeletons
  A howler monkey zombie (D:5)
  4 gnolls
  7 adders
  A river rat (D:5)
  A shadow imp (D:6)
  A white imp (D:5)
  An adder zombie (D:5)
  2 adder skeletons
  2 worms (D:2)
  4 dart slugs
  18 orcs
  6 bats
  12 endoplasms
  5 giant cockroaches
  7 hobgoblins
  25 jackals
  8 kobolds
  5 quokkas
  6 ball pythons
  7 frilled lizards
  9 goblins
  7 rats
194 creatures vanquished.

Vanquished Creatures (others)
  2 fungi (D:7)
  12 plants (D:1)
14 creatures vanquished.

Grand Total: 208 creatures vanquished

Notes
Turn   | Place    | Note
-------+----------+-------------------------------------------
     0 | D:1      | growler the Tengu Air Elementalist began the quest for the
                  | Orb.
     0 | D:1      | Reached XP level 1. HP: 10/10 MP: 4/4
   486 | D:1      | Reached XP level 2. HP: 15/15 MP: 0/6
   687 | D:1      | Learned a level 2 spell: Static Discharge
   950 | D:1      | Reached XP level 3. HP: 19/19 MP: 4/7
   956 | D:1      | Learned a level 3 spell: Swiftness
  1705 | D:1      | Found a faded altar of an unknown god.
  2075 | D:2      | Reached XP level 4. HP: 24/24 MP: 5/9
  2123 | D:2      | Reached skill level 5 in Air Magic
  2680 | D:2      | Noticed Terence
  2688 | D:2      | Killed Terence
  2689 | D:2      | Gained mutation: Your magical nature lets you fly swiftly
                  | and evasively. [Tengu growth]
  2689 | D:2      | Reached XP level 5. HP: 28/28 MP: 0/10
  2794 | D:2      | Learned a level 4 spell: Airstrike
  3447 | D:3      | Found Gigeopp's General Store.
  4262 | D:3      | Found a shimmering altar of Xom.
  4334 | D:3      | Found a hide-covered altar of Uskayaw.
  4517 | D:4      | Found Katocs's Weapon Boutique.
  4600 | D:4      | Reached XP level 6. HP: 29/32 MP: 4/12
  4670 | D:4      | Reached skill level 6 in Air Magic
  5006 | D:4      | Reached skill level 5 in Conjurations
  5251 | D:4      | Found a broken altar of Ashenzari.
  5597 | D:5      | Entered Level 5 of the Dungeon
  6356 | D:5      | Reached XP level 7. HP: 34/36 MP: 11/14
  6529 | D:5      | Reached skill level 7 in Air Magic
  6532 | D:5      | Noticed a steam dragon
  6535 | D:5      | Killed a steam dragon
  6648 | D:5      | Found a sparkling altar of Nemelex Xobeh.
  6674 | D:5      | Noticed Ijyb
  6681 | D:5      | Killed Ijyb
  6922 | D:5      | Reached skill level 5 in Spellcasting
  6922 | D:5      | Reached XP level 8. HP: 32/41 MP: 9/16
  6990 | D:5      | Reached skill level 8 in Air Magic
  8327 | D:6      | Reached skill level 9 in Air Magic
  8962 | D:6      | Reached XP level 9. HP: 31/45 MP: 13/19
  9709 | D:5      | Reached skill level 10 in Air Magic
 10748 | D:7      | Noticed Dowan
 10750 | D:7      | Noticed Duvessa
 10752 | D:7      | Killed Dowan
 10753 | D:7      | Reached skill level 11 in Air Magic
 11006 | D:7      | Found a hazy altar of Hepliaklqana.
 11007 | D:7      | Found an ancient bone altar of Kikubaaqudgha.
 11008 | D:7      | Noticed Menkaure
 11010 | D:7      | Killed Menkaure
 11103 | D:7      | Killed Duvessa
 11375 | D:7      | Found Emuop's Assorted Antiques.
 11379 | D:7      | Bought a runed hat for 217 gold pieces
 11413 | D:7      | Found Cailowk's Antique Armour Boutique.
 11417 | D:7      | Bought a runed cloak for 240 gold pieces
 11774 | D:7      | Found a runed translucent door.
 11775 | D:7      | Noticed Crazy Yiuf
 11805 | D:7      | Found a staircase to the Ecumenical Temple.
 11812 | Temple   | Entered the Ecumenical Temple
 12672 | D:7      | Killed Crazy Yiuf
 12789 | D:8      | Reached skill level 1 in Shields
 12789 | D:8      | Reached skill level 12 in Air Magic
 13019 | D:8      | Noticed Gastronok
 13290 | D:8      | Noticed Pikel
 13292 | D:8      | Noticed a troll
 13767 | D:7      | HP: 2/45 [killer bee (4)]
 13768 | D:7      | Slain by a killer bee

Illustrated notes

Levels and vault maps discovered:
D:1:      dpeg_cavernosity, layout_rooms,
          hellmonk_ecumenical_altar_inner_sanctum, serial_forest,
          infiniplex_forest_lined_corner, infiniplex_forest_clump_tiny,
          infiniplex_forest_clump_small, infiniplex_forest_zigzag_1,
          infiniplex_forest_clump_long, infiniplex_forest_lined_corner,
          infiniplex_forest_clump_C
D:2:      layout_loops_cross, uniq_terence
D:3:      layout_loops_ring, mainiacjoe_overflow_two_lobes, serial_shops,
          nicolae_shop_stone
D:4:      layout_loops_cross, lemuel_doored_altar, serial_shops,
          nicolae_square_shop
D:5:      minmay_polygon_palace, layout_loops_cross,
          nemelex_xobeh_ov_fountains_minmay, gup_sewer_entry_spiral, uniq_ijyb
D:6:      layout_loops_ring, minmay_misc_feat_chi, grunt_ministairs_12,
          eino_small_chamber_without_monster
D:7:      layout_loops_corners, mainiacjoe_overflow_catwalk_spiral,
          minmay_temple_entry_butterflies, serial_shops, shop,
          nicolae_shop_stone, uniq_duvessa, uniq_crazy_yiuf_cottage,
          uniq_menkaure
D:8:      layout_cave_pools, led_sif_pool, kennysheep_small_square, uniq_joseph,
          uniq_pikel, uniq_gastronok
Temple:   jpeg_temple_island

Skill      XL: |  1  2  3  4  5  6  7  8  9 |
---------------+----------------------------+-----
Conjurations   | 2 3 4 5 6 8 9 |  9.0
Air Magic      | 5 6 7 9 12 | 12.1
Spellcasting   | 3 4 5 6 |  6.0
Shields        | 1 |  1.9
Dodging        | |  2.1
Stealth        | |  2.0

Action                   |  1- 3 |  4- 6 |  7- 9 || total
-------------------------+-------+-------+-------++-------
Melee: Unarmed           |    11 |     4 |    20 ||    35
       Kick              |     5 |     1 |     3 ||     9
       Peck              |     1 |       |     4 ||     5
 Cast: Shock             |    62 |   149 |    25 ||   236
       Static Discharge  |     6 |    22 |    87 ||   115
       Airstrike         |       |       |    62 ||    62
  Use: Scroll            |       |     1 |       ||     1
       Potion            |       |       |     4 ||     4
 Stab: Sleeping          |       |     1 |       ||     1
Armor: Robe              |    11 |     6 |    23 ||    40
Dodge: Dodged            |    28 |    32 |    92 ||   152
